 Dungeon Crawl Stone Soup version 0.30-a0-540-g0af01429fa (webtiles) character file.

Game seed: 16887155627830039386

91 shukka the Slasher (level 4, 0/58 HPs)
             Began as a Minotaur Berserker on Dec 25, 2022.
             Was a Believer of Trog.
             Frozen to death by an endoplasm (5 damage)
             ... on level 3 of the Dungeon.
             The game lasted 00:04:11 (1568 turns).

shukka the Slasher (Minotaur Berserker)             Turns: 1568, Time: 00:04:12

Health: 0/58       AC:  6    Str: 23    XL:     4   Next: 34%
Magic:  3/3        EV: 11    Int:  4    God:    Trog [**....]
Gold:   149        SH:  0    Dex: 10    Spells: 3/3 levels left

rFire   + . .      SeeInvis .    a - +0 falchion
rCold   . . .      Faith    .    (no shield)
rNeg    . . .      Spirit   .    j - +3 leather armour
rPois   .          Reflect  .    (helmet restricted)
rElec   .          Harm     .    (no cloak)
rCorr   .          Rampage  .    (no gloves)
Will    .....                    (no boots) Stlth
                                 (no amulet)
HPRegen 0.29/turn                h - ring of protection from fire
MPRegen 0.08/turn                (no ring)

@: berserking (expiring), very quick
A: horns 2, retaliatory headbutt
a: Renounce Religion, Berserk, Trog's Hand


You were on level 3 of the Dungeon.
You worshipped Trog.
Trog was pleased with you.
You visited 1 branch of the dungeon, and saw 3 of its levels.

You collected 149 gold pieces.

Inventory:

Hand Weapons
 a - a +0 falchion (weapon)
Armour
 j - a +3 leather armour (worn)
Jewellery
 b - an amulet of magic regeneration
 c - a ring of wizardry
 h - a ring of protection from fire (left hand)
Wands
 m - a wand of flame (21)
Scrolls
 e - a scroll of immolation {unknown}
 g - 3 scrolls of poison {unknown}
 i - a scroll of noise {unknown}
 l - a scroll of magic mapping {unknown}
Potions
 f - a potion of might {unknown}
 k - a potion of heal wounds {unknown}


   Skills:
 - Level 3.6 Fighting
 + Level 6.3 Long Blades
 - Level 2.4 Armour
 - Level 2.1 Dodging


You had 3 spell levels left.
You didn't know any spells.
Your spell library contained the following spells:

 Spells                   Type           Power      Damage    Failure   Level
 Apportation              Tloc           0%         N/A       54%         1
 Necrotise                Necr           0%         1d4       54%         1
 Summon Small Mammal      Summ           0%         N/A       54%         1
 Gell's Gravitas          Tloc           0%         N/A       89%         3
 Inner Flame              Hex/Fire       0%         N/A       89%         3
 Teleport Other           Tloc           0%         N/A       89%         3
 Cause Fear               Hex            0%         N/A       100%        4
 Dispersal                Tloc           0%         N/A       100%        6
 Discord                  Hex            0%         N/A       100%        8


Dungeon Overview and Level Annotations

Branches:
Dungeon (3/15)

Altars:

Annotations:
D:3 Sigmund


Innate Abilities, Weirdness & Mutations

You have a pair of horns on your head.
You reflexively headbutt those who attack you in melee.


Message History

The endoplasm hits you but does no damage.
Sigmund closely misses you.
You bump into the rock wall.
The endoplasm freezes you.
You are frozen.
The endoplasm attacks as you move away!
The endoplasm hits you but does no damage.
You bump into the rock wall.
The endoplasm freezes you.
You are frozen.
* * * LOW HITPOINT WARNING * * *
Sigmund misses you.
Okay, then.
You bump into the rock wall.
The endoplasm freezes you.
You are frozen.
* * * LOW HITPOINT WARNING * * *
Sigmund says, "Look into my eyes."
Sigmund mumbles some strange words.
Sigmund flickers and vanishes!
Deactivating autopickup; reactivate with Ctrl-A.
You hear a shout!
You barely miss the endoplasm. Your headbutt misses the endoplasm.
The endoplasm is almost dead.
The endoplasm freezes you.
You are frozen.
* * * LOW HITPOINT WARNING * * *
Something hits you but does no damage.
It was a potion of berserk rage.
A red film seems to cover your vision as you go berserk!
You feel yourself moving faster!
You feel mighty!
You feel less confused.
The endoplasm hits you but does no damage.
A kobold comes into view. It is wielding a +0 dagger.
You feel a strong urge to attack something.
The kobold shouts!
You hear a shout!
There is a stone staircase leading down here.
The endoplasm freezes you.
You are frozen.
You die...

## ### .. ...# <# #. ..
.#. .# # ##.# K#
#.##..###.# #....{OJ@.#
.# ####.###### .# #.# .#
#.# +# .# #.# ... .# #.#
.... .# ##.## .....
.##########...####....>.
.................@.O....


You could see an ogre, an endoplasm and a kobold.

Vanquished Creatures
  Terence (D:2)
  An adder (D:3)
  A gnoll (D:1)
  A worm (D:2)
  2 dart slugs
  A ball python (D:1)
  7 bats
  4 endoplasms
  A giant cockroach (D:1)
  8 goblins
  3 hobgoblins
  3 jackals (D:1)
  2 frilled lizards
  A rat (D:3)
36 creatures vanquished.

Notes
Turn   | Place    | Note
-------+----------+-------------------------------------------
     0 | D:1      | shukka the Minotaur Berserker began the quest for the Orb.
     0 | D:1      | Reached XP level 1. HP: 19/19 MP: 0/0
    54 | D:1      | Reached skill level 4 in Long Blades
   141 | D:1      | Reached XP level 2. HP: 26/26 MP: 1/1
   353 | D:1      | Reached skill level 5 in Long Blades
   456 | D:1      | Reached XP level 3. HP: 31/31 MP: 2/2
   652 | D:2      | Reached ** piety under Trog
   802 | D:2      | Noticed Terence
   809 | D:2      | Killed Terence
   810 | D:2      | Reached skill level 6 in Long Blades
   810 | D:2      | Reached XP level 4. HP: 39/39 MP: 3/3
  1542 | D:3      | Noticed Sigmund
  1542 | D:3      | Noticed an ogre
  1568 | D:3      | Frozen to death by an endoplasm

Illustrated notes

Levels and vault maps discovered:
D:1:      psy_arrival_radial01, layout_rooms, minmay_pentomino_q2
D:2:      layout_basic, uniq_terence
D:3:      layout_loops_corners, kennysheep_orc_sif_temple,
          mainiacjoe_overflow_tiny_flanked, hangedman_decor_peaks_small,
          uniq_ijyb, uniq_sigmund

Skill      XL: |  1  2  3 |
---------------+----------+-----
Long Blades    | 4 5 6 |  6.3
Fighting       | |  3.6
Armour         | |  2.4
Dodging        | |  2.1

Action                   |  1- 3 |  4- 6 || total
-------------------------+-------+-------++-------
Melee: Falchion          |    79 |    15 ||    94
       Headbutt          |    12 |     5 ||    17
  Use: Potion            |       |     1 ||     1
Armor: Ring mail         |    12 |       ||    12
       Leather armour    |    13 |     8 ||    21
Dodge: Dodged            |    31 |    17 ||    48

Table legend: (Time is in decaauts)
 A = Elapsed time spent in this place.
 B = Non-inter-level travel time spent in this place.
 C = Inter-level travel time spent in this place.
 D = Time resting spent in this place.
 E = Time spent auto-exploring this place.
 F = Levels seen in this place.
 G = Mean time per level.
                   A        B        C        D        E       F      G
               +--------+--------+--------+--------+--------+-----+--------+
         Total |   1571 |   1510 |     61 |      0 |   1056 |   3 |  523.7 |
       Dungeon |   1571 |   1510 |     61 |      0 |   1056 |   3 |  523.7 |
               +--------+--------+--------+--------+--------+-----+--------+

Top non-repeatable levels by time:
     D:2: 767 daAuts
     D:1: 625 daAuts
     D:3: 178 daAuts
